 Dungeon Crawl Stone Soup version 0.24-a0-445-gd5110b030a (webtiles) character file.

Game seed: 5898078497785674573

30 theanonym the Ruffian (level 3, 0/28 HPs)
             Began as a Draconian Transmuter on June 22, 2019.
             Succumbed to Robin's poison
             ... on level 2 of the Dungeon.
             The game lasted 00:01:25 (1524 turns).

theanonym the Ruffian (Draconian Transmuter)        Turns: 1524, Time: 00:01:26

Health: 0/28       AC:  5    Str: 12    XL:     3   Next: 5%
Magic:  6/6        EV: 12    Int: 19    God:
Gold:   19         SH:  0    Dex: 11    Spells: 3/6 levels left

rFire    . . .     SeeInvis .     - Unarmed
rCold    . . .     Gourm    .   (no shield)
rNeg     . . .     Faith    .   (armour unavailable)
rPois    .         Spirit   .   (helmet restricted)
rElec    .         Reflect  .   b - scarf {cloud immunity}
rCorr    .         Harm     .   (no gloves)
MR       .....                  (boots currently unavailable)
Stlth    +.........             (no amulet)
HPRegen  0.09/turn              (no ring)
MPRegen  0.10/turn              (no ring)

@: brilliant, lethally poisoned (0 -> -40), appendage (expiring)
A: unfitting armour, talons 3, cold-blooded, AC +5
a: End Transformation


Innate Abilities, Weirdness & Mutations

Your plain brown scales are hard. (AC +5)
You cannot fit into any form of body armour.
You are cold-blooded and may be slowed by cold attacks.
You have claws for feet.


   Skills:
 - Level 1.1 Fighting
 - Level 1.7 Dodging
 + Level 3.6 Unarmed Combat
 - Level 2.0 Spellcasting
 + Level 2.9 Transmutations


You had 3 spell levels left.
You knew the following spells:

 Your Spells              Type           Power        Failure   Level  Hunger
a - Beastly Appendage     Tmut           ###...       1%          1    #......
b - Sticks to Snakes      Tmut           ###.....     1%          2    ###....

Your spell library contained the following spells:

 Spells                   Type           Power        Failure   Level  Hunger
 Spider Form              Tmut/Pois      ###.......   3%          3    ###....
 Ice Form                 Ice/Tmut       ###.....     11%         4    #####..
 Blade Hands              Tmut           ###.......   16%         5    ######.

Action                   || total
-------------------------++-------
Melee: Unarmed           ||   101
       Tailslap          ||     9
       Headbutt          ||     2
       Kick              ||     3
       Punch             ||     1
 Cast: Beastly Appendage ||     7
  Use: Potion            ||     2
 Stab: Sleeping          ||     1
  Eat: Chunk             ||     2
Armor: Skin              ||    35
Dodge: Dodged            ||    85

Inventory:

Missiles
 a - 12 arrows
Armour
 b - a scarf of cloud immunity (worn)
Scrolls
 g - a scroll of amnesia {unknown}
 h - 3 scrolls of remove curse {unknown}
 i - a scroll of identify {unknown}
Comestibles
 e - 3 rations


You were on level 2 of the Dungeon.
You were not hungry.
You had grown temporary talons.
You visited 1 branch of the dungeon, and saw 2 of its levels.

You collected 19 gold pieces.

Dungeon Overview and Level Annotations

Branches:
Dungeon (2/15)

Altars:

Annotations:
D:2 Robin

.......#.#.##.##.#.<.# #
.##.####.#.##.##[##.##.#
.##.g.......#.##.......#
g#####.#.##.#.......####
...#
#.#(##.#.#####.########
.#.#
#.#..........(.........
.#.#
#.#.......#.#.........#
##.#
#.#..#.#..#...........#
##.#
#......#..g@<..##.#####
...# ###.##.#..#.##.# .#
#### #.##.#......... #
#......#####.###
####.### .... #># .....
#.# ..... #.# ...(. ...


You could see Robin.

Notes
Turn   | Place    | Note
-------+----------+-------------------------------------------
     0 | D:1      | theanonym the Draconian Transmuter began the quest for the
                  | Orb.
     0 | D:1      | Reached XP level 1. HP: 16/16 MP: 3/3
   555 | D:1      | HP: 5/16 [hobgoblin/+0 club (7)]
   561 | D:1      | HP: 4/16 [kobold/+0 club (1)]
   563 | D:1      | Reached XP level 2. HP: 7/23 MP: 3/5
   591 | D:1      | Learned a level 2 spell: Sticks to Snakes
  1217 | D:2      | Noticed Robin
  1269 | D:1      | HP: 11/23 [hobgoblin (3)]
  1270 | D:1      | HP: 5/23 [hobgoblin (6)]
  1271 | D:1      | Reached XP level 3. HP: 6/28 MP: 4/6
  1521 | D:2      | HP: 13/28 [Robin/+1 spear of venom (3)]
  1522 | D:2      | HP: 6/28 [Robin/+1 spear of venom (5)]
  1524 | D:2      | Succumbed to Robin's poison

Vanquished Creatures
  A worm (D:2)
  A dart slug (D:1)
  A ball python (D:1)
  A giant cockroach (D:2)
  3 hobgoblins
  2 kobolds (D:1)
  4 bats
  5 frilled lizards
  3 goblins (D:1)
  6 rats
27 creatures vanquished.

Table legend:
 A = Turns spent in this place as a percentage of turns spent in the entire game.
 B = Non-inter-level travel turns spent in this place as a percentage of non-inter-level travel turns spent in the entire game.
 C = Inter-level travel turns spent in this place as a percentage of turns spent in this place.
 D = Turns resting spent in this place as a percentage of non-inter-level travel turns spent in this place.
 E = Turns spent auto-exploring this place as a percentage of non-inter-level travel turns spent in this place.
 F = Non-inter-level travel turns spent in this place divided by the number of levels of this place that you've seen.
                   A       B       C       D       E      F
               +-------+-------+-------+-------+-------+----------------------
         Total | 100.0 | 100.0 |   0.7 |  34.2 |  48.5 | 757.0
       Dungeon | 100.0 | 100.0 |   0.7 |  34.2 |  48.5 | 757.0
               +-------+-------+-------+-------+-------+----------------------
